AoeStats
← 凉拌皮蛋

African Clearing

503953503Analyzed
4v4 RM · 29d ago on Sep 3, 2026· 41m 34s· 8 players
Game mode
Random Map
Map size
Large (8 player)
Population
200
Speed
Normal
Resources
Standard
Victory
Conquest
Starting age
Dark Age
Ending age
Imperial Age
RankedLock teamsTeams togetherTeam positionsShared explorationLock speedFull tech treeHidden civsTurbo modeCheats
Victory
Defeat
🇨🇦 Georgians · Canada
1806
+6
🇧🇷 Persians · Brazil
1701
+9
🇧🇷 Berbers · Brazil
1634
+12
🇧🇷 Chinese · Brazil
1586
+13
🇨🇳 Berbers · China
1564
-11
🇨🇳 Mongols · China
1563
-11
🇨🇳 Huns · China
1515
-9
🇹🇼 Georgians · Taiwan
1509
-9
elmor
4:47 Loom
13:22 Feudal Age
18:44 Castle Age
17:24 Double-Bit Axe
18:23 Scale Barding Armor
19:26 Gold Mining
28:47 Fletching
31:47 Bow Saw
31:47 Horse Collar
34:02 Bodkin Arrow
36:01 Chain Barding Armor
39:09 Forging
40:28 Wheelbarrow
40:38 Iron Casting
aunclelikegod02
12:51 Feudal Age
13:58 Loom
16:46 Castle Age
15:04 Double-Bit Axe
17:52 Bow Saw
17:58 Scale Barding Armor
19:59 Forging
24:41 Town Watch
25:19 Husbandry
26:42 Bloodlines
30:14 Stone Mining
31:40 Gold Mining
32:53 Wheelbarrow
33:58 Gold Shaft Mining
34:00 Stone Shaft Mining
37:25 Imperial Age
35:34 Chain Barding Armor
36:33 Iron Casting
36:14 Nomads
37:48 Hand Cart
37:29 Elite Steppe Lancer
40:05 Blast Furnace
39:37 Fletching
凉拌皮蛋
7:04 Loom
14:16 Feudal Age
16:01 Town Watch
18:33 Castle Age
16:41 Double-Bit Axe
17:14 Fletching
19:21 Bodkin Arrow
19:38 Bow Saw
21:30 Padded Archer Armor
28:08 Horse Collar
29:14 Masonry
29:42 Ballistics
32:13 Wheelbarrow
31:40 Stone Mining
33:14 Bloodlines
38:04 Heavy Plow
41:48 Imperial Age
39:30 Gold Mining
[Fx、]AirDk
4:00 Loom
13:54 Feudal Age
17:36 Castle Age
18:32 Town Watch
20:37 Fletching
26:45 Double-Bit Axe
30:43 Bodkin Arrow
31:25 Wheelbarrow
30:32 Horse Collar
31:21 Padded Archer Armor
33:00 Husbandry
33:41 Bloodlines
33:52 Light Cavalry
Fs.BlinkAoE
8:44 Loom
11:26 Feudal Age
12:12 Double-Bit Axe
16:11 Forging
16:05 Horse Collar
22:09 Castle Age
20:21 Gold Mining
21:43 Fletching
23:17 Bloodlines
22:34 Elite Skirmisher
25:32 Scale Barding Armor
24:50 Light Cavalry
29:38 Wheelbarrow
29:41 Bow Saw
32:59 Bodkin Arrow
36:22 Imperial Age
34:27 Ballistics
35:05 Chain Barding Armor
36:47 Iron Casting
37:12 Bracer
38:20 Conscription
39:19 Chemistry
40:52 Plate Barding Armor
41:58 Blast Furnace
Fs.Kawan
3:24 Loom
12:32 Feudal Age
13:59 Double-Bit Axe
18:48 Castle Age
17:51 Fletching
19:45 Bow Saw
19:04 Crossbowman
19:39 Bodkin Arrow
31:20 Wheelbarrow
36:09 Imperial Age
34:34 Hand Cart
34:12 Pikeman
36:10 Capped Ram
37:10 Scale Mail Armor
37:20 Forging
37:55 Halberdier
38:24 Siege Ram
Fs.Nx Imperial
3:12 Loom
13:46 Feudal Age
17:44 Castle Age
15:51 Double-Bit Axe
19:08 Scale Barding Armor
19:52 Bloodlines
23:54 Forging
26:09 Chain Barding Armor
26:29 Husbandry
29:51 Fletching
31:25 Horse Collar
34:15 Iron Casting
35:51 Wheelbarrow
36:59 Bodkin Arrow
39:57 Imperial Age
37:39 Padded Archer Armor
41:28 Plate Barding Armor
PeAcE mE
10:09 Loom
12:50 Feudal Age
15:22 Double-Bit Axe
17:50 Castle Age
16:49 Forging
17:38 Light Cavalry
19:37 Horse Collar
24:34 Wheelbarrow
26:58 Scale Barding Armor
28:00 Husbandry
28:39 Bloodlines
29:32 Gold Mining
31:37 Bow Saw
32:12 Hand Cart
35:59 Imperial Age
34:42 Chain Barding Armor
35:45 Iron Casting
35:37 Cavalier
36:53 Plate Barding Armor
36:41 Fletching
38:03 Heavy Plow
41:16 Crop Rotation
42:36 Chemistry
41:10 Savar
Connection lost

Rejoining the realm…

Still unreachable

The connection could not be restored.

Session expired

The server has moved on; the page needs a fresh start.